 Dungeon Crawl Stone Soup version 0.30-a0-218-gedb9141078 (webtiles) character file.

Game seed: 850406004604655098

202 MrRokkomies the Slasher (level 6, 25/55 HPs)
             Began as a Meteoran Cinder Acolyte on Sept 24, 2022.
             Was a High Priest of Ignis.
             Quit the game on level 3 of the Dungeon on Oct 5, 2022.
             The game lasted 00:08:44 (1378 turns).

MrRokkomies the Slasher (Meteoran Cinder Acolyte)   Turns: 1378, Time: 00:08:45

Health: 25/55      AC:  9    Str: 16    XL:     6   Next: 30%
Magic:  9/9        EV:  7    Int: 15    God:    Ignis [*****.]
Gold:   105        SH:  0    Dex: 12    Spells: 7/7 levels left

rFire   + + .      SeeInvis .    f - +3 quarterstaff (chaos)
rCold   . . .      Faith    .    (shield currently unavailable)
rNeg    . . .      Spirit   .    p - +0 chain mail
rPois   .          Reflect  .    (no helmet)
rElec   .          Harm     .    o - +0 cloak
rCorr   .          Rampage  .    (no gloves)
Will    .....                    (no boots)
Stlth   ..........               (no amulet)
HPRegen 0.29/turn                e - ring of protection from fire
MPRegen 0.11/turn                d - ring of wizardry

@: glowing
A: sense surroundings 1, otherworldly, glowing, explore regen
a: Renounce Religion, Fiery Armour, Foxfire Swarm, Rising Flame


You were on level 3 of the Dungeon.
You worshipped Ignis.
Ignis was extremely pleased with you.
You visited 1 branch of the dungeon, and saw 3 of its levels.

You collected 105 gold pieces.

Inventory:

Hand Weapons
 a - a -1 falchion of flaming
 f - a +3 quarterstaff of chaos (weapon)
Missiles
 h - 6 javelins (quivered)
 k - 8 boomerangs
Armour
 b - a +0 robe
 o - a +0 cloak (worn)
 p - a +0 chain mail (worn)
Jewellery
 d - a ring of wizardry (right hand)
 e - a ring of protection from fire (left hand)
Wands
 s - a wand of mindburst (26)
Scrolls
 c - a scroll of enchant weapon {unknown}
 g - a scroll of poison {unknown}
 i - 2 scrolls of teleportation {unknown}
 n - 2 scrolls of enchant armour {unknown}
 q - a scroll of identify
Potions
 j - a potion of haste {unknown}
 l - 3 potions of mutation
 m - a potion of might {unknown}
 r - a potion of curing


   Skills:
 * Level 4.9 Fighting
 * Level 5.2 Long Blades
 + Level 2.1 Throwing
 + Level 2.4 Dodging
 - Level 1.3 Spellcasting
 - Level 3.6 Fire Magic


You had 7 spell levels left.
You didn't know any spells.
Your spell library contained the following spells:

 Spells                   Type           Power      Damage    Failure   Level
 Scorch                   Fire           22%        2d6       52%         2


Dungeon Overview and Level Annotations

Branches:
Dungeon (3/15) Zot: 363

Altars:
Hepliaklqana


Innate Abilities, Weirdness & Mutations

You passively map a small area around you.
You are easily found by Zot.
You glow in the dark.
You regain HP and MP as you explore.


Message History

The javelin pierces through the gnoll.
The gnoll is heavily wounded.
The javelin pierces through the orc.
The orc is heavily wounded.
The orc hits you with a +0 club.
* * * LOW HITPOINT WARNING * * *
The gnoll hits you but does no damage.
Throw: javelin
Press: ? - help, Q - select action, (/) - cycle Shift-Dir - straight line, f/p - orc
Aim: an orc, wielding a +0 club and wearing a +0 leather armour (heavily wounded, 60% to hit)
You throw a javelin. The javelin closely misses the orc.
The javelin pierces through the gnoll!
You kill the gnoll!
The javelin closely misses the orc.
The orc hits you but does no damage. x2
You barely miss the orc.
The orc is heavily wounded.
The orc hits you but does no damage.
You sock the orc! You burn the orc.
You kill the orc!
You sock the orc! You freeze the orc.
You kill the orc!
You now have 105 gold pieces (gained 15).
n - 2 scrolls labelled POTTIF KUAFICW (gained 1)
Items here: ))))) [[[.
There is an open door here.
You see here a +0 spear.
You see here a +0 dagger.
h - 6 javelins Save game and exit?
Welcome back, MrRokkomies the Meteoran Cinder Acolyte.
The flames of Ignis gently warm you.
Press ? for a list of commands and other information.
Welcome back, MrRokkomies the Meteoran Cinder Acolyte.
The flames of Ignis gently warm you.
Press ? for a list of commands and other information.
Welcome back, MrRokkomies the Meteoran Cinder Acolyte.
The flames of Ignis gently warm you.
Press ? for a list of commands and other information.
Are you sure you want to abandon this character and quit the game? (Confirm with "yes".)

#.# #.#....)..#...#*
, #.#
#.###)##......#
#.####.###[##)....##
........##.##....)+,
, *
##...(..##.##.....##
,
........##.........#
....##†######......#
######.# #......#
#...##.# #...@..#
#._.##.# ##.###.#
#...##.##* ,...* .#
* , ##§##...# ,####
.# #§#....# .# ,
#.#....# , ,, ,
#.§.#.## *
#####.#### ### *
#....# #.. , ,


There were no monsters in sight!

Vanquished Creatures
  Crazy Yiuf (D:2)
  Ijyb (D:3)
  An orc wizard (D:3)
  3 gnolls (D:3)
  4 adders
  6 orcs (D:3)
  5 bats
  3 endoplasms
  2 giant cockroaches
  5 goblins
  A hobgoblin (D:1)
  5 jackals
  3 quokkas (D:2)
  6 ball pythons
  2 frilled lizards
  3 kobolds
  4 rats
55 creatures vanquished.

Vanquished Creatures (others)
  2 plants (D:2)
2 creatures vanquished.

Grand Total: 57 creatures vanquished

Notes
Turn   | Place    | Note
-------+----------+-------------------------------------------
     0 | D:1      | MrRokkomies the Meteoran Cinder Acolyte began the quest for
                  | the Orb.
     0 | D:1      | Reached XP level 1. HP: 19/19 MP: 3/3
   116 | D:1      | Reached XP level 2. HP: 19/26 MP: 5/5
   201 | D:1      | Reached skill level 4 in Long Blades
   496 | D:1      | Reached skill level 1 in Dodging
   496 | D:1      | Reached XP level 3. HP: 33/33 MP: 6/6
   496 | D:1      | Glimpsed the power of Zot.
   762 | D:2      | Found a runed translucent door.
   763 | D:2      | Noticed Crazy Yiuf
   772 | D:2      | Killed Crazy Yiuf
   773 | D:2      | Reached XP level 4. HP: 40/40 MP: 7/7
   827 | D:2      | Reached skill level 1 in Throwing
   966 | D:2      | Found a faded altar of an unknown god.
  1071 | D:2      | Glimpsed the power of Zot.
  1130 | D:3      | Reached XP level 5. HP: 39/47 MP: 8/8
  1194 | D:3      | Found a hazy altar of Hepliaklqana.
  1255 | D:3      | Noticed Ijyb
  1263 | D:3      | Killed Ijyb
  1312 | D:3      | Reached skill level 5 in Long Blades
  1321 | D:3      | Reached XP level 6. HP: 33/53 MP: 9/9
  1366 | D:3      | Upgraded the game from 0.30-a0-140-gd1020e658a to
                  | 0.30-a0-141-g30f27751c5
  1366 | D:3      | Upgraded the game from 0.30-a0-141-g30f27751c5 to
                  | 0.30-a0-218-gedb9141078
  1378 | D:3      | Quit the game

Illustrated notes

Levels and vault maps discovered:
D:1:      saegor_arrival_simple_c, layout_loops_corners
D:2:      layout_loops_ring, shapermc_ecumenical_altar_ellora,
          wad_woods_river_04, serial_bayou_lagoon_b, uniq_crazy_yiuf_cottage
D:3:      layout_basic, nzn_hepliaklqana_mist_gate, st_stairs_11, uniq_ijyb

Skill      XL: |  1  2  3  4  5  6 |
---------------+-------------------+-----
Long Blades    | 4 5 |  5.2
Dodging        | 1 2 |  2.4
Fighting       | 4 |  4.9
Throwing       | 1 2 |  2.1
Spellcasting   | |  1.3
Fire Magic     | |  3.6

Action                   |  1- 3 |  4- 6 || total
-------------------------+-------+-------++-------
Melee: Falchion          |    76 |       ||    76
       Punch             |     1 |       ||     1
       Quarterstaff      |       |    90 ||    90
Throw: Javelin           |       |     6 ||     6
  Use: Scroll            |     2 |       ||     2
       Potion            |     1 |     1 ||     2
Armor: Robe              |    17 |     2 ||    19
       Chain mail        |       |    92 ||    92
Dodge: Dodged            |    24 |    33 ||    57

Table legend: (Time is in decaauts)
 A = Elapsed time spent in this place.
 B = Non-inter-level travel time spent in this place.
 C = Inter-level travel time spent in this place.
 D = Time resting spent in this place.
 E = Time spent auto-exploring this place.
 F = Levels seen in this place.
 G = Mean time per level.
                   A        B        C        D        E       F      G
               +--------+--------+--------+--------+--------+-----+--------+
         Total |   1436 |   1303 |    133 |      0 |    883 |   3 |  478.7 |
       Dungeon |   1436 |   1303 |    133 |      0 |    883 |   3 |  478.7 |
               +--------+--------+--------+--------+--------+-----+--------+

Top non-repeatable levels by time:
     D:2: 566 daAuts
     D:1: 546 daAuts
     D:3: 323 daAuts
